 Dungeon Crawl Stone Soup version 0.19.1-1-g22dce08 (webtiles) character file.

513 Alarkh the Cleaver (level 7, 57/57 HPs)
             Began as a Mottled Draconian Monk on Jan 3, 2017.
             Was a Believer of Okawaru.
             Got out of the dungeon alive.
             The game lasted 00:07:11 (3539 turns).

Alarkh the Cleaver (Mottled Draconian Monk)         Turns: 3539, Time: 00:07:11

Health: 57/57      AC: 11    Str: 16    XL:     7   Next: 0%
Magic:  7/7        EV: 12    Int: 13    God:    Okawaru [**....]
Gold:   168        SH:  5    Dex: 13    Spells: 0 memorised, 6 levels left

rFire  . . .     SeeInvis .     a - +0 hand axe
rCold  . . .     Gourm    .     (armour unavailable)
rNeg   . . .     Faith    .     c - +2 buckler
rPois  +         Spirit   .     (helmet restricted)
rElec  .         Reflect  .     m - +1 cloak
rCorr  .         Harm     .     p - +2 pair of gloves
MR     .....                    (no boots)
Stlth  ++........               (no amulet)
                                n - ring of poison resistance
                                k - +3 ring of strength

@: no status effects
A: breathe sticky flame splash, unfitting armour, cold-blooded, AC +6
a: Breathe Sticky Flame, Heroism, Renounce Religion


You escaped.
You worshipped Okawaru.
Okawaru was pleased with you.
You were not hungry.

You visited 2 branches of the dungeon, and saw 6 of its levels.

You collected 168 gold pieces.

Inventory:

Hand Weapons
 a - a +0 hand axe (weapon)
 v - the +5 mace "Moewniq" {drain, +Rage +Fly rC- Dex+3}
   (You found it on level 4 of the Dungeon)

   A truly terrible weapon, it drains the life of those it strikes.
   It affects your dexterity (+3).
   It makes you vulnerable to cold.
   It lets you fly.
   It lets you go berserk.
Armour
 c - a +2 buckler (worn)
 m - a +1 cloak (worn)
 p - a +2 pair of gloves (worn)
Jewellery
 k - a +3 ring of strength (left hand)
 n - a ring of poison resistance (right hand)
Wands
 j - a wand of teleportation (2/9)
Scrolls
 d - a scroll of enchant armour {unknown}
 e - a scroll of identify
 g - a scroll of blinking
 h - 3 scrolls of enchant weapon {unknown}
 l - 2 scrolls of random uselessness {unknown}
 o - a scroll of fog {unknown}
 q - a scroll of recharging {unknown}
 s - a scroll of teleportation {unknown}
 u - a scroll of remove curse {unknown}
Potions
 i - 2 potions of curing
 t - 2 potions of lignification
 x - a potion of haste
 A - a potion of resistance
Comestibles
 b - 2 bread rations
 f - a meat ration
 r - a slice of pizza
 w - 4 chunks of flesh
 z - a beef jerky


   Skills:
 - Level 3.2 Fighting
 + Level 8.0 Axes
 - Level 2.6 Dodging
 - Level 1.7 Stealth


You had 6 spell levels left.
You didn't know any spells.

Dungeon Overview and Level Annotations

Branches:
Dungeon (5/15)             Temple (1/1) D:4

Altars:
Ashenzari
Cheibriados
Dithmenos
Elyvilon
Fedhas
Gozag
Hepliaklqana
Kikubaaqudgha
Makhleb
Nemelex Xobeh
Okawaru
Qazlal
Ru
Sif Muna
Trog
Uskayaw
Vehumet
Xom
Yredelemnul
Zin
The Shining One

Annotations:
D:4 Menkaure


Innate Abilities, Weirdness & Mutations

You can spit globs of burning liquid.
You can ignite nearby creatures when you spit burning liquid.
Your weird mottled scales are hard. (AC +6)
You cannot fit into any form of body armour.
You are cold-blooded and may be slowed by cold attacks.


Message History

You climb upwards.
Level annotation: Menkaure
There is a stone staircase leading down here.
Things that are here:
a robe; a dagger
There is an open door here.
Some of the chunks of flesh in your inventory have rotted away.
There is an open door here.
There is a stone staircase leading up here.
You climb upwards.
There is a stone staircase leading down here.
There is a stone staircase leading up here.
You climb upwards.
There is a stone staircase leading down here.
There is a stone staircase leading up here.
You climb upwards.
There is a stone staircase leading down here.
There is a staircase leading out of the dungeon here.
Are you sure you want to leave the Dungeon?
This will make you lose the game!
You have escaped!

## ##########.##########.# .#
#..#.............#..#.# .#
#.#...............#.#.#
.#######.......#.#.......##.#
.>....#..)...#.#.#.#......#.#
#.###.#.....##.#.#.##.....#.#
..#...#.......⌠#.#⌠.......#.#
......#..#######.#######..#.#
................@...........#
....#.#..#######.#######..###
....#.#.......⌠#.#⌠.......#
.#....#.....##.#.#.##.....#
.#....#......#.#.#.#......#
.#.##.##.......#.#.......##
.#.#..#.#...............#.#
.#.##.#..#.............#..#
...##.##########.##########


There were no monsters in sight!

Vanquished Creatures
  An ogre (D:4)
  Crazy Yiuf (D:4)
  6 orc wizards
  Jessica (D:2)
  A worker ant (D:4)
  A hound skeleton (D:4)
  4 gnolls
  4 adders
  2 oozes
  An adder skeleton (D:4)
  A leopard gecko (D:4)
  13 orcs
  2 giant cockroaches
  9 goblins
  9 hobgoblins
  2 jackals (D:1)
  A ball python (D:4)
  A ball python skeleton (D:4)
  6 bats
  5 frilled lizards
  9 kobolds
  9 rats
89 creatures vanquished.

Notes
Turn   | Place    | Note
-------+----------+-------------------------------------------
     0 | D:1      | Alarkh the Draconian Monk began the quest for the Orb.
     0 | D:1      | Reached XP level 1. HP: 19/19 MP: 1/1
   125 | D:1      | Reached XP level 2. HP: 18/26 MP: 2/2
   416 | D:1      | Reached skill level 4 in Axes
   643 | D:1      | Reached XP level 3. HP: 29/31 MP: 3/3
  1059 | D:2      | Noticed Jessica
  1063 | D:2      | Killed Jessica
  1063 | D:2      | Reached skill level 5 in Axes
  1063 | D:2      | Reached XP level 4. HP: 31/38 MP: 4/4
  1258 | D:2      | Found a sparkling altar of Nemelex Xobeh.
  1707 | D:3      | Reached XP level 5. HP: 45/45 MP: 5/5
  2073 | D:4      | Noticed an ogre
  2081 | D:4      | Killed an ogre
  2081 | D:4      | Reached skill level 6 in Axes
  2115 | D:4      | Reached XP level 6. HP: 8/51 MP: 6/6
  2439 | D:4      | Reached skill level 7 in Axes
  2709 | D:4      | Noticed Menkaure
  2741 | D:4      | Found a staircase to the Ecumenical Temple.
  2760 | Temple   | Entered the Ecumenical Temple
  2845 | Temple   | Became a worshipper of Warmaster Okawaru
  2845 | Temple   | Reached * piety under Okawaru
  2845 | Temple   | Reached ** piety under Okawaru
  2944 | D:4      | Got a dazzling mace
  2951 | D:4      | Found a runed door.
  3004 | D:4      | Noticed Crazy Yiuf
  3012 | D:4      | Killed Crazy Yiuf
  3022 | D:4      | Identified the +5 mace "Moewniq" {drain, +Rage +Fly rC- Dex+3} (You found it on level 4 of the Dungeon)
  3354 | D:5      | Entered Level 5 of the Dungeon
  3446 | D:4      | Reached skill level 8 in Axes
  3451 | D:5      | Your scales start taking on a weird mottled colour.
  3451 | D:5      | Reached XP level 7. HP: 57/57 MP: 7/7
  3539 | D:$      | Got out of the dungeon alive.

Skill      XL: |  1  2  3  4  5  6 |
---------------+-------------------+-----
Axes           | 4 5 6 8 |  8.0
Fighting       | |  3.2
Dodging        | |  2.6
Stealth        | |  1.7

Action                   |  1- 3 |  4- 6 |  7- 9 || total
-------------------------+-------+-------+-------++-------
Melee: Hand axe          |   139 |   215 |       ||   354
       Tailslap          |    12 |    24 |       ||    36
       Mace              |       |     1 |       ||     1
Invok: Heroism           |       |     1 |       ||     1
  Use: Potion            |     1 |     9 |       ||    10
       Scroll            |     1 |     2 |       ||     3
 Stab: Sleeping          |     4 |     1 |       ||     5
  Eat: Chunk             |     1 |     8 |       ||     9
Armor: Skin              |    38 |    74 |       ||   112
Dodge: Dodged            |    71 |    81 |       ||   152
Block: Buckler           |    39 |    47 |       ||    86
